 Dungeon Sprint DCSS version 0.27-a0-93-g19769c27d7 (webtiles) character file.

Game seed: 3114883169719079657

60 rocky1 the Cudgeller (level 4, -9/75 HPs)
             Began as an Ogre Gladiator on Jan 17, 2021.
             Was an Initiate of Okawaru.
             Mangled by an iguana (14 damage)
             ... in the Dungeon (Sprint VII: "The Pits").
             The game lasted 00:01:40 (503 turns).

rocky1 the Cudgeller (Ogre Gladiator)                Turns: 503, Time: 00:01:41

Health: -9/75      AC:  3    Str: 19    XL:     4   Next: 4%
Magic:  4/6        EV: 11    Int:  9    God:    Okawaru [......]
Gold:   0          SH:  0    Dex: 10    Spells: 3/3 levels left

rFire    . . .     SeeInvis .   a - +0 flail
rCold    . . .     Faith    .   (no shield)
rNeg     . . .     Spirit   .   b - +0 robe
rPois    .         Reflect  .   c - +0 hat
rElec    .         Harm     .   (no cloak)
rCorr    .         Rampage  .   (gloves unavailable)
Will     .....     NoTele   +   (boots unavailable)
Stlth    ..........             (no amulet)
HPRegen  0.22/turn              (no ring)
MPRegen  0.10/turn              (no ring)

@: berserking, lethally poisoned (-9 -> -14), very quick
A: large, unfitting armour, tough skin 1
a: Renounce Religion


You were in the Dungeon.
You worshipped Okawaru.
Okawaru was noncommittal.
You visited 1 branch

Inventory:

Hand Weapons
 a - a +0 flail (weapon)
Missiles
 d - 3 throwing nets (quivered)
Armour
 b - a +0 robe (worn)
 c - a +0 hat (worn)
Scrolls
 j - a scroll of blinking
 l - 3 scrolls of remove curse
 m - 5 scrolls of amnesia
 n - a scroll of summoning
Potions
 g - a potion of haste
 h - 4 potions of magic
 i - 2 potions of berserk rage
 k - 2 potions of invisibility


   Skills:
 + Level 5.1 Fighting
 * Level 5.1 Maces & Flails
 - Level 2.0 Throwing
 + Level 4.0 Dodging
 + Level 3.2 Invocations


You had 3 spell levels left.
You didn't know any spells.
Your spell library was empty.

Dungeon Overview and Level Annotations

Branches:
Dungeon (1/1)

Altars:
Ashenzari
Cheibriados
Dithmenos
Elyvilon
Fedhas
Gozag
Hepliaklqana
Kikubaaqudgha
Makhleb
Nemelex Xobeh
Okawaru
Qazlal
Ru
Sif Muna
Trog
Uskayaw
Vehumet
Wu Jian
Xom
Yredelemnul
Zin
The Shining One
Beogh
Jiyva
Lugonu


Innate Abilities, Weirdness & Mutations

You are too large for most types of armour.
You have tough skin. (AC +1)


Message History

The worker ant is moderately wounded.
* * * LOW HITPOINT WARNING * * *
You feel sick. The worker ant misses you. The iguana closely misses you.
You bludgeon the worker ant!!
You kill the worker ant!
Okawaru accepts your kill.
* * * LOW HITPOINT WARNING * * *
You feel sick. The iguana barely misses you.
Your Fighting skill increases to level 5!
Your Maces & Flails skill increases to level 5!
Your Dodging skill increases to level 4!
Your Invocations skill increases to level 3!
You have reached level 4!
You barely miss the iguana.
* * * LOW HITPOINT WARNING * * *
You feel sick.
You sock the iguana!
The iguana is heavily wounded.
The iguana bites you!
You die...

#...........'..........
#+#####'#####......#..#
#..#..# #..........
#..'..# ####'#####+
#..#### #.......#
#..#..# #.......#
#..#..# #.......#
##(#.l#+###...<...#
#.((@....##.......#
#........##.......#
###########.......#
#########


You could see an iguana.

Vanquished Creatures
  2 worker ants (D)
  An ufetubus (D)
  An adder skeleton (D)
  2 ball pythons (D)
  A bat skeleton (D)
  A kobold (D)
  A rat (D)
9 creatures vanquished.

Notes
Turn   | Place    | Note
-------+----------+-------------------------------------------
     0 | D        | rocky1 the Ogre Gladiator began the quest for the Orb.
     0 | D        | Reached XP level 1. HP: 22/22 MP: 1/1
    18 | D        | Found a bloodstained altar of Trog.
    18 | D        | Found a shimmering blue altar of Sif Muna.
    18 | D        | Found a viscous altar of Jiyva.
    18 | D        | Found a hazy altar of Hepliaklqana.
    18 | D        | Found an opulent altar of Gozag.
    19 | D        | Found a glowing golden altar of the Shining One.
    19 | D        | Found a glowing silver altar of Zin.
    19 | D        | Found a basalt altar of Yredelemnul.
    19 | D        | Found a shimmering altar of Xom.
    19 | D        | Found an ornate altar of the Wu Jian Council.
    19 | D        | Found a sacrificial altar of Ru.
    19 | D        | Found a stormy altar of Qazlal.
    19 | D        | Found an iron altar of Okawaru.
    19 | D        | Found a sparkling altar of Nemelex Xobeh.
    19 | D        | Found a burning altar of Makhleb.
    19 | D        | Found a blossoming altar of Fedhas.
    19 | D        | Found a white marble altar of Elyvilon.
    19 | D        | Found a shadowy altar of Dithmenos.
    19 | D        | Found a snail-covered altar of Cheibriados.
    21 | D        | Found a radiant altar of Vehumet.
    21 | D        | Found a corrupted altar of Lugonu.
    21 | D        | Found a roughly hewn altar of Beogh.
    22 | D        | Found a hide-covered altar of Uskayaw.
    22 | D        | Found an ancient bone altar of Kikubaaqudgha.
    22 | D        | Found a broken altar of Ashenzari.
    27 | D        | Became a worshipper of Warmaster Okawaru
    75 | D        | Reached skill level 1 in Invocations
   150 | D        | Reached XP level 2. HP: 26/32 MP: 1/3
   161 | D        | Reached XP level 3. HP: 11/40 MP: 2/4
   502 | D        | Reached skill level 5 in Fighting
   502 | D        | Reached skill level 5 in Maces & Flails
   502 | D        | Reached XP level 4. HP: 5/50 MP: 4/6
   503 | D        | Mangled by an iguana

Illustrated notes

Levels and vault maps discovered:
D:        pitsprint [storerooms_1, entrance_room_1, metal_vault_2, armoury_3,
          mini_pit_1, grid_room_1, main_hall_1, silver_pit, the_coven_1,
          the_vestibule_1, steel_vault_2, golden_pit, hallway_of_sentries,
          crystal_vault_2, iron_vault_2, final_vault]

Skill      XL: |  1  2  3 |
---------------+----------+-----
Fighting       | 3 4 5 |  5.1
Maces & Flails | 3 4 5 |  5.1
Dodging        | 3 4 |  4.0
Invocations    | 1 2 3 |  3.2
Throwing       | |  2.0

Action                   |  1- 3 |  4- 6 || total
-------------------------+-------+-------++-------
Melee: Flail             |    38 |     2 ||    40
  Use: Potion            |     3 |       ||     3
Armor: Robe              |    15 |       ||    15
Dodge: Dodged            |    34 |       ||    34

Table legend: (Time is in decaauts)
 A = Elapsed time spent in this place.
 B = Non-inter-level travel time spent in this place.
 C = Inter-level travel time spent in this place.
 D = Time resting spent in this place.
 E = Time spent auto-exploring this place.
 F = Levels seen in this place.
 G = Mean time per level.
                   A        B        C        D        E       F      G
               +--------+--------+--------+--------+--------+-----+--------+
         Total |    508 |    508 |      0 |    376 |      0 |   1 |  508.0 |
       Dungeon |    508 |    508 |      0 |    376 |      0 |   1 |  508.0 |
               +--------+--------+--------+--------+--------+-----+--------+

Top non-repeatable levels by time:
       D: 508 daAuts
